 Dungeon Crawl Stone Soup version 0.25.1-2-g60ff931df9 (webtiles) character file.

Game seed: 5737419461008709206

74 Kaiern the Grave Robber (level 4, -11/36 HPs)
             Began as a Hill Orc Necromancer on Aug 19, 2020.
             Mangled by Sigmund
             ... wielding a +0 scythe
              (15 damage)
             ... on level 3 of the Dungeon.
             The game lasted 00:13:48 (3190 turns).

Kaiern the Grave Robber (Hill Orc Necromancer)      Turns: 3190, Time: 00:13:49

Health: -11/36     AC:  4    Str: 11    XL:     4   Next: 28%
Magic:  2/7        EV: 12    Int: 15    God:
Gold:   135        SH:  0    Dex: 11    Spells: 3/7 levels left

rFire    . . .     SeeInvis .   f - +0 hand axe
rCold    . . .     Gourm    .   (no shield)
rNeg     . . .     Faith    .   a - +0 robe
rPois    .         Spirit   .   (no helmet)
rElec    .         Reflect  .   (no cloak)
rCorr    .         Harm     .   (no gloves)
MR       .....                  t - +1 pair of boots
Stlth    ++........             (no amulet)
HPRegen  0.12/turn              (no ring)
MPRegen  0.10/turn              (no ring)

@: no status effects
A: no striking features
a: no special abilities


You were on level 3 of the Dungeon.
You were very hungry.

You visited 1 branch of the dungeon, and saw 3 of its levels.

You collected 135 gold pieces.

Inventory:

Hand Weapons
 f - a +0 hand axe (weapon)
Missiles
 r - 4 poisoned darts (quivered)
Armour
 a - a +0 robe (worn)
 t - a +1 pair of boots (worn)
Jewellery
 k - an uncursed ring of magical power {unknown}
 o - an uncursed ring of protection from magic {unknown}
 s - an uncursed amulet of guardian spirit {unknown}
Scrolls
 b - 5 scrolls of identify {unknown}
 d - 2 scrolls of amnesia {unknown}
 h - 2 scrolls of remove curse {unknown}
 m - 2 scrolls of teleportation {unknown}
Potions
 e - a potion of brilliance {unknown}
 g - a potion of curing {unknown}
 i - a potion of stabbing {unknown}
 j - 2 potions of lignification {unknown}
 l - a potion of cancellation {unknown}
 n - a potion of berserk rage {unknown}
 p - a potion of haste {unknown}
Comestibles
 c - 4 rations
 q - 9 chunks of flesh


   Skills:
 + Level 1.8 Fighting
 + Level 1.7 Armour
 - Level 1.5 Dodging
 - Level 1.5 Stealth
 + Level 2.1 Spellcasting
 + Level 0.3 Summonings
 + Level 4.5 Necromancy


You had 3 spell levels left.
You knew the following spells:

 Your Spells              Type           Power        Failure   Level  Hunger
a - Pain                  Necr           ###.         3%          1    #......
b - Animate Skeleton      Necr           N/A          3%          1    #......
c - Call Imp              Summ           #.......     28%         2    ###....

Your spell library contained the following spells:

 Spells                   Type           Power        Failure   Level  Hunger
 Vampiric Draining        Necr           ###.......   11%         3    ###....
 Magic Dart               Conj           #...         22%         1    #......
 Blink                    Tloc           N/A          32%         2    ###....
 Slow                     Hex            #.......     32%         2    ###....
 Conjure Flame            Conj/Fire      #.......     54%         3    ###....
 Mephitic Cloud           Conj/Pois/Air  #.......     54%         3    ###....
 Animate Dead             Necr           N/A          34%         4    #####..
 Agony                    Necr           ###.....     67%         5    ######.


Dungeon Overview and Level Annotations

Branches:
Dungeon (3/15)

Altars:

Annotations:
D:3 Sigmund


Message History

You barely miss the goblin. The goblin hits you with a +0 club.
Something completely misses you. The goblin hits you but does no damage.
The kobold hits you but does no damage.
You hit the goblin but do no damage. The goblin barely misses you.
Something hits you.
* * * LOW HITPOINT WARNING * * *
You slash the goblin!
You kill the goblin!
Something hits you.
* * * LOW HITPOINT WARNING * * *
You barely miss the goblin. The goblin barely misses you. Something hits you.
* * * LOW HITPOINT WARNING * * *
The goblin misses you.
You closely miss the goblin. The goblin misses you.
You hit the goblin but do no damage. Something hits you but does no damage.
The goblin barely misses you.
You closely miss the goblin. Something completely misses you.
The goblin closely misses you.
You closely miss the goblin. Something hits you!
You die...

###.#### #.
#......# #
#......#
#......#
#......#
#......#
#......#
###'####
#@# ##g####
#{gK..#
#..)).####
#..........
#..........
#..........
#..........
#$.........


You could see a hobgoblin, a goblin and a kobold.

Vanquished Creatures
  An adder (D:2)
  2 worms (D:2)
  3 dart slugs
  A leopard gecko (D:3)
  A ball python (D:1)
  4 bats
  9 goblins
  8 hobgoblins
  3 kobolds
  2 quokkas
  2 frilled lizards (D:2)
  7 rats
43 creatures vanquished.

Vanquished Creatures (collateral kills)
  3 bats (D:3)
  A goblin (D:3)
  A frilled lizard (D:3)
  2 rats
7 creatures vanquished.

Grand Total: 50 creatures vanquished

Notes
Turn   | Place    | Note
-------+----------+-------------------------------------------
     0 | D:1      | Kaiern the Hill Orc Necromancer began the quest for the
                  | Orb.
     0 | D:1      | Reached XP level 1. HP: 14/14 MP: 3/3
    20 | D:1      | Learned a level 1 spell: Animate Skeleton
   384 | D:1      | Reached XP level 2. HP: 22/22 MP: 2/4
   719 | D:1      | Reached skill level 1 in Fighting
   790 | D:1      | Reached skill level 1 in Armour
  1185 | D:1      | You fall into a shaft and drop 1 floor!
  1203 | D:2      | Reached XP level 3. HP: 8/28 MP: 0/5
  1928 | D:2      | Learned a level 2 spell: Call Imp
  1983 | D:2      | Noticed a phantom
  3108 | D:3      | Reached XP level 4. HP: 36/36 MP: 5/7
  3168 | D:3      | Noticed Sigmund
  3190 | D:3      | Mangled by Sigmund

Illustrated notes

Levels and vault maps discovered:
D:1:      dpeg_arrival_rooms_b, layout_loops_ring, minmay_pentomino_u2
D:2:      layout_loops_ring, nicolae_underground_beach
D:3:      layout_basic, uniq_grinder, uniq_robin, uniq_sigmund

Skill      XL: |  1  2  3 |
---------------+----------+-----
Fighting       | 1 |  1.8
Armour         | 1 |  1.7
Spellcasting   | 2 |  2.1
Dodging        | |  1.5
Stealth        | |  1.5
Summonings     | |  0.3
Necromancy     | |  4.5

Action                   |  1- 3 |  4- 6 || total
-------------------------+-------+-------++-------
Melee: Hand axe          |    48 |    13 ||    61
 Cast: Pain              |    48 |     9 ||    57
       Animate Skeleton  |    13 |     3 ||    16
 Stab: Sleeping          |     2 |       ||     2
  Eat: Chunk             |     4 |       ||     4
       Ration            |     1 |       ||     1
Armor: Robe              |    13 |    12 ||    25
Dodge: Dodged            |    35 |    17 ||    52
